 Dungeon Crawl Stone Soup version 0.31.0-9-g3a7656b989 (webtiles) character file.

Game seed: 8948591264895633338

312 qw the Skirmisher (level 6, -2/35 HPs)
             Began as a Deep Elf Hunter on Feb 2, 2024.
             Was an Initiate of Okawaru.
             Killed from afar by Ijyb (9 damage)
             ... with a bolt of light
             ... on level 4 of the Dungeon.
             The game lasted 00:00:10 (2376 turns).

qw the Skirmisher (Deep Elf Hunter)                 Turns: 2376, Time: 00:00:10

Health: -2/35      AC:  5    Str: 10    XL:     6   Next: 18%
Magic:  8/8        EV: 12    Int: 20    God:    Okawaru [......]
Gold:   133        SH:  5    Dex: 23    Spells: 5/5 levels left

rFire   + . .        a - +0 shortbow
rCold   . . .        (shield currently unavailable)
rNeg    . . .        j - +0 ring mail
rPois   .            (no helmet)
rElec   .            (no cloak)
rCorr   .            (no gloves)
SInv    .            (no boots)
Will    ++...        g - amulet of reflection
Stlth   ++           e - ring of willpower
HPRegen 0.25/turn    b - ring "Korue" {rF+ Will+ Int+6 Dex+5}
MPRegen 0.11/turn

%: reflection
@: lethally poisoned (-2 -> -9)
A: no striking features
a: Renounce Religion


You were on level 4 of the Dungeon.
You worshipped Okawaru.
Okawaru was noncommittal.
You visited 2 branches of the dungeon, and saw 5 of its levels.

You collected 133 gold pieces.


   Skills:
 - Level 2.0 Fighting
 + Level 9.4 Ranged Weapons
 - Level 3.0 Dodging
 - Level 1.2 Stealth


You had 5 spell levels left.
You didn't know any spells.
Your spell library was empty.

Inventory:

Hand Weapons
 a - a +0 shortbow (weapon)
Armour
 j - a +0 ring mail (worn)
Jewellery
 b - the ring "Korue" (right hand) {rF+ Will+ Int+6 Dex+5}
   (You acquired it on level 1 of the Dungeon)

   [ring of intelligence]

   Int+6:     It affects your intelligence (+6).
   Dex+5:     It affects your dexterity (+5).
   rF+:       It protects you from fire.
   Will+:     It increases your willpower.
 e - a ring of willpower (left hand)
 g - an amulet of reflection (around neck)
Potions
 c - a potion of attraction {unknown}
 d - 3 potions of heal wounds
 f - a potion of resistance {unknown}
 h - 2 potions of curing

Dungeon Overview and Level Annotations

Branches:
Dungeon (4/15)             Temple (1/1) D:4

Altars:
Ashenzari
Dithmenos
Fedhas
Gozag
Hepliaklqana
Makhleb
Nemelex Xobeh
Okawaru
Qazlal
Sif Muna
Vehumet
Wu Jian
Xom
Zin

Shops:
D:1 =

Annotations:
D:4 Ijyb


Message History

You shoot an arrow. The arrow hits Ijyb!
Ijyb is moderately wounded.
The adder bites you but does no damage. You block Ijyb's attack.
The quokka barely misses you.
You shoot an arrow. The arrow hits Ijyb but does no damage.
Ijyb is moderately wounded.
The adder closely misses you. The quokka barely misses you.
Ijyb barely misses you. The adder barely misses you.
You shoot an arrow. The arrow hits Ijyb but does no damage.
Ijyb is moderately wounded.
The quokka barely misses you.
A jelly comes into view.
Ijyb barely misses you. The adder misses you.
You shoot an arrow. The arrow hits Ijyb but does no damage.
Ijyb is moderately wounded.
The quokka bites you. The adder closely misses you.
Ijyb zaps a wand.
The bolt of light hits you! The quokka bites you.
You shoot an arrow. The arrow hits Ijyb but does no damage.
Ijyb is moderately wounded.
The adder bites you but does no damage.
Ijyb hits you with a +0 dagger of venom.
You are poisoned.
The quokka barely misses you. The adder barely misses you.
You shoot an arrow. The arrow hits Ijyb.
Ijyb is heavily wounded.
You feel very sick. Ijyb barely misses you. The quokka misses you.
The adder bites you.
You are more poisoned.
The adder poisons you!
You shoot an arrow. The arrow hits Ijyb but does no damage.
Ijyb is heavily wounded.
You feel very sick. The quokka closely misses you.
The adder bites you but does no damage. Ijyb closely misses you.
The quokka closely misses you. You block Ijyb's attack.
The adder bites you but does no damage.
You shoot an arrow. The arrow hits Ijyb.
Ijyb is heavily wounded.
You feel sick. The adder completely misses you. The quokka bites you.
Ijyb zaps a wand.
The bolt of light hits you!
You die...

#....##....< #
#####........... #.
..####.......###...(. ...
.............####....
#.[. ####.......# #...(
##... ##....###...# #....
#.....#.....# #.}.# #....
........%...###...###....
.##....r@................
#....SgJ...}..>..}.....
#...................##..
............###...#######
............# #.}.# #
..%.........# #...# #
..#........$......#
#.......#.##)...# #..#..


You could see Ijyb, a jelly, an adder and a quokka.

Vanquished Creatures
  Grinder (D:3)
  Jessica (D:3)
  An orc wizard (D:2)
  An adder (D:2)
  A dart slug (D:1)
  4 orcs
  2 ball pythons
  3 endoplasms
  8 giant cockroaches
  2 goblins (D:1)
  7 hobgoblins
  4 jackals
  2 kobolds
  3 quokkas
  3 bats
  3 frilled lizards
  3 rats
49 creatures vanquished.

Notes
Turn   | Place    | Note
-------+----------+-------------------------------------------
     0 | D:1      | qw the Deep Elf Hunter began the quest for the Orb.
     0 | D:1      | Reached XP level 1. HP: 12/12 MP: 3/3
     0 | D:1      | 0 ||| qw: Version: 0.3-a-155-g5e7d8dd
     0 | D:1      | 0 ||| qw: Game counter: 1879
     0 | D:1      | 0 ||| qw: Melee chars always use a shield: true
     0 | D:1      | 0 ||| qw: God list: Okawaru
     0 | D:1      | 0 ||| qw: Allow faded altars: false
     0 | D:1      | 0 ||| qw: Do Orc after clearing Dungeon:15 true
     0 | D:1      | 0 ||| qw: Do second Lair branch before Depths: true
     0 | D:1      | 0 ||| qw: Lair rune preference: random
     0 | D:1      | 0 ||| qw: Goals: Normal
     0 | D:1      | 0 ||| PLANNING D:1-11
    68 | D:1      | Reached XP level 2. HP: 16/16 MP: 4/4
    84 | D:1      | Reached skill level 6 in Ranged Weapons
   137 | D:1      | Found a faded altar of an unknown god.
   336 | D:1      | Found Juesufer's Jewellery Shop.
   340 | D:1      | 340 ||| SHOPLISTING +6 ring of dexterity (432 gold, have
                  | 42).
   340 | D:1      | 340 ||| SHOPLISTING +6 ring of strength (432 gold, have
                  | 42).
   340 | D:1      | 340 ||| SHOPLISTING amulet of regeneration (360 gold, have
                  | 42).
   340 | D:1      | 340 ||| SHOPLISTING amulet of the acrobat (360 gold, have
                  | 42).
   340 | D:1      | 340 ||| SHOPLISTING ring "Kiuply" {rPois Will+ Str-5 Dex+4}
                  | (409 gold, have 42).
   340 | D:1      | 340 ||| SHOPLISTING ring of poison resistance (240 gold,
                  | have 42).
   340 | D:1      | 340 ||| SHOPLISTING ring of positive energy (240 gold, have
                  | 42).
   340 | D:1      | 340 ||| SHOPLISTING ring of resist corrosion (240 gold,
                  | have 42).
   633 | D:1      | 633 ||| UPGRADING to amulet of reflection.
   638 | D:1      | 638 ||| UPGRADING to ring of willpower.
   639 | D:1      | 639 ||| READING scroll labelled EJUNUG MIRESAM.
   639 | D:1      | 639 ||| IDENTIFYING dark potion
   640 | D:1      | 640 ||| READING scroll labelled FEROLO YNESCH.
   641 | D:1      | 641 ||| DROPPING scroll of butterflies.
  1011 | D:2      | Reached XP level 3. HP: 20/20 MP: 5/5
  1299 | D:2      | 1299 ||| STAIRDANCE
  1302 | D:1      | Reached skill level 7 in Ranged Weapons
  1302 | D:1      | 1302 ||| UPGRADING to +0 scale mail.
  1312 | D:1      | 1312 ||| DROPPING +0 leather armour.
  1313 | D:1      | 1313 ||| UPGRADING to +0 ring mail.
  1323 | D:1      | 1323 ||| DROPPING +0 scale mail.
  1324 | D:1      | 1324 ||| READING scroll labelled GIACLU WERULU.
  1325 | D:1      | 1325 ||| READING scroll labelled SECO ZEPPYHUDU.
  1326 | D:1      | 1326 ||| READING scroll labelled QIMAOVV JOETU.
  1326 | D:1      | Identified a scroll of acquirement
  1326 | D:1      | 1326 ||| ACQUIRING ring "Korue" {rF+ Will+ Int+6 Dex+5}
  1326 | D:1      | Acquired the ring "Korue" {rF+ Will+ Int+6 Dex+5}
  1328 | D:1      | 1328 ||| UPGRADING to ring "Korue" {rF+ Will+ Int+6 Dex+5}.
  1329 | D:1      | 1329 ||| DRINKING 3 fizzy pink potions.
  1330 | D:1      | 1330 ||| DRINKING 2 pink potions.
  1331 | D:1      | 1331 ||| DROPPING potion of brilliance.
  1334 | D:2      | 1334 ||| STAIRDANCE
  1429 | D:3      | Noticed Grinder
  1442 | D:3      | Killed Grinder
  1443 | D:3      | Reached skill level 9 in Ranged Weapons
  1443 | D:3      | Reached XP level 4. HP: 25/25 MP: 6/6
  1443 | D:3      | Reached XP level 5. HP: 29/29 MP: 7/7
  1518 | D:3      | Noticed Jessica
  1522 | D:3      | Killed Jessica
  1523 | D:3      | Reached XP level 6. HP: 34/34 MP: 8/8
  1556 | D:3      | Reached skill level 3 in Dodging
  1746 | D:3      | 1746 ||| STAIRDANCE
  1764 | D:2      | 1764 ||| DROPPING ring of flight.
  1765 | D:2      | 1765 ||| READING scroll labelled ETUELL NADEHE.
  1766 | D:2      | 1766 ||| READING scroll labelled BOCES WE TEGHU.
  2252 | D:3      | Found a radiant altar of Vehumet.
  2255 | D:3      | Found an ornate altar of the Wu Jian Council.
  2256 | D:3      | Found a hazy altar of Hepliaklqana.
  2258 | D:3      | Found a shimmering blue altar of Sif Muna.
  2291 | D:4      | Found a staircase to the Ecumenical Temple.
  2292 | D:4      | 2292 ||| PLANNING TEMPLE
  2292 | D:4      | 2292 ||| READING scroll labelled PUAPTICHAGG.
  2301 | Temple   | Entered the Ecumenical Temple
  2302 | Temple   | 2302 ||| PLANNING OKAWARU WORSHIP
  2309 | Temple   | Became a worshipper of Warmaster Okawaru
  2310 | Temple   | 2310 ||| PLANNING D:1-11
  2360 | D:4      | Noticed Ijyb
  2376 | D:4      | HP: 7/35 [quokka (4)]
  2376 | D:4      | Killed from afar by Ijyb

Levels and vault maps discovered:
D:1:      dpeg_arrival_houses_and_road, layout_loops_ring, serial_shops,
          nicolae_shop_back_alley_shop, shapermc_ecumenical_altar_acropolis,
          minmay_worlds_worst_comb
D:2:      layout_basic
D:3:      layout_loops_corners, minitemple, nicolae_figureground_pulse,
          uniq_jessica, uniq_grinder
D:4:      corexii_shantytown, layout_cave_pools, minmay_temple_entry_junction,
          uniq_ijyb
Temple:   eino_temple_lava

Skill      XL: |  1  2  3  4  5  6 |
---------------+-------------------+-----
Ranged Weapons | 6 9 |  9.4
Dodging        | 3 |  3.0
Fighting       | 2 |  2.0
Stealth        | |  1.2

Action                     |  1- 3 |  4- 6 || total
---------------------------+-------+-------++-------
   Fire: Shortbow          |    85 |    60 ||   145
    Use: Scroll            |     5 |     3 ||     8
         Potion            |     2 |       ||     2
 Armour: Leather armour    |    14 |       ||    14
         Ring mail         |     3 |    18 ||    21
  Dodge: Dodged            |    12 |    26 ||    38
  Block: Other             |     3 |     6 ||     9
         Reflection        |       |     2 ||     2

Table legend:
 A = Non-vault XP
 B = Vault XP
 C = Vault XP percentage of total XP
 D = Non-vault monster count
 E = Vault monster count
 F = Vault count percentage of total count
                 A         B        C        D         E       F
            +---------+---------+-------+---------+---------+-------
      Total |     125 |     321 |  72.0 |      41 |       8 |  16.3
            +---------+---------+-------+---------+---------+-------
        D:1 |      20 |      12 |  37.5 |       9 |       6 |  40.0
        D:2 |      76 |       0 |   0.0 |      17 |       0 |   0.0
        D:3 |      21 |     309 |  93.6 |      11 |       2 |  15.4
        D:4 |       8 |       0 |   0.0 |       4 |       0 |   0.0
            +---------+---------+-------+---------+---------+-------
